 Seeded DCSS version 0.30-a0-341-g682706514a (webtiles) character file.

Game seed: 5915090523031583876 (custom seed)

41 retardedninja the Covered (level 3, -2/33 HPs)
             Began as a Minotaur Fighter on Nov 2, 2022.
             Slain by Terence
             ... wielding a +1 mace of protection
              (12 damage)
             ... on level 2 of the Dungeon.
             The game lasted 00:01:12 (769 turns).

retardedninja the Covered (Minotaur Fighter)         Turns: 769, Time: 00:01:12

Health: -2/33      AC:  8    Str: 22    XL:     3   Next: 32%
Magic:  2/2        EV:  9    Int:  5    God:
Gold:   160        SH:  4    Dex:  9    Spells: 2/2 levels left

rFire   . . .      SeeInvis .    a - +0 long sword
rCold   . . .      Faith    .    c - +0 buckler
rNeg    . . .      Spirit   .    b - +0 scale mail
rPois   .          Reflect  .    (helmet restricted)
rElec   .          Harm     .    (no cloak)
rCorr   .          Rampage  .    (no gloves)
Will    .....                    j - +0 pair of boots
Stlth   ..........               (no amulet)
HPRegen 0.25/turn                (no ring)
MPRegen 0.08/turn                (no ring)

@: mighty, lethally poisoned (-2 -> -7)
A: horns 2, retaliatory headbutt
a: no special abilities


You were on level 2 of the Dungeon.
You visited 1 branch of the dungeon, and saw 2 of its levels.

You collected 160 gold pieces.

Inventory:

Hand Weapons
 a - a +0 long sword (weapon)
Armour
 b - a +0 scale mail (worn)
 c - a +0 buckler (worn)
 j - a +0 pair of boots (worn)
Scrolls
 h - 2 scrolls of identify {unknown}
 k - a scroll of magic mapping {unknown}
 l - a scroll of blinking {unknown}
Potions
 e - a potion of attraction {unknown}
 f - 4 potions of curing {unknown}
 g - a potion of flight {unknown}
 i - a potion of heal wounds {unknown}


   Skills:
 + Level 4.1 Fighting
 + Level 3.1 Long Blades
 + Level 4.1 Armour
 + Level 4.1 Shields


You had 2 spell levels left.
You didn't know any spells.
Your spell library was empty.

Dungeon Overview and Level Annotations

Branches:
Dungeon (2/15)

Altars:

Shops:
D:1 (=

Annotations:
D:2 Terence


Innate Abilities, Weirdness & Mutations

You have a pair of horns on your head.
You reflexively headbutt those who attack you in melee.


Message History

You block the adder's attack. Terence barely misses you.
You block the adder's attack. Terence hits you but does no damage.
You hit Terence but do no damage.
Terence is lightly wounded.
The adder closely misses you.
Terence drinks a potion.
Terence seems to grow stronger.
You barely miss Terence. Your headbutt misses Terence.
Terence is lightly wounded.
The adder bites you but does no damage.
A giant cockroach comes into view.
Terence closely misses you. The adder bites you but does no damage.
You hit Terence but do no damage.
Terence is lightly wounded.
The adder completely misses you.
A rat comes into view.
You block Terence's attack. The adder misses you.
Terence hits you but does no damage.
You hit Terence.
Terence is moderately wounded.
The adder bites you.
You are poisoned.
The adder poisons you!
Terence hits you with a +1 mace of protection.
You completely miss Terence.
Terence is moderately wounded.
You feel sick. The adder bites you but does no damage.
The rat twitches its whiskers.
Terence closely misses you. The adder bites you but does no damage.
A giant cockroach comes into view.
You hit Terence.
Terence is heavily wounded.
You feel sick. The adder bites you but does no damage.
Terence hits you with a +1 mace of protection!
The adder bites you.
You are more poisoned.
The adder poisons you!
You feel very mighty all of a sudden.
You feel sick.
Terence hits you with a +1 mace of protection!
You die... ... .## #. .! #### #. .. ...# #. #B##...##. #. #...?..... ###. rB..!....

... #
##@S......
###.
#.##.@....#
#.
#.........#
##
####.######
# #.##### #
##.#...## #
#...###.#
#.....#.##
#........#
##.#...#.#


You could see Terence (strong), an adder, 2 giant cockroaches and a rat.

Vanquished Creatures
  An adder (D:2)
  A worm (D:2)
  A dart slug (D:2)
  4 ball pythons
  2 endoplasms (D:1)
  A goblin (D:2)
  2 hobgoblins (D:2)
  6 kobolds
  3 bats
  2 frilled lizards (D:1)
  A rat (D:2)
24 creatures vanquished.

Notes
Turn   | Place    | Note
-------+----------+-------------------------------------------
     0 | D:1      | retardedninja the Minotaur Fighter began the quest for the
                  | Orb.
     0 | D:1      | Reached XP level 1. HP: 19/19 MP: 0/0
    92 | D:1      | Found Yhuemoar's Jewellery Shop.
   139 | D:1      | Reached XP level 2. HP: 27/27 MP: 1/1
   161 | D:1      | Found Qiuxiyr's Weapon Boutique.
   563 | D:2      | Reached XP level 3. HP: 33/33 MP: 2/2
   759 | D:2      | Noticed Terence
   769 | D:2      | Slain by Terence

Illustrated notes

Levels and vault maps discovered:
D:1:      ncdulo_smallfort, layout_rooms, serial_shops, shop_coins,
          nicolae_diamond_shop
D:2:      minmay_roachtagon, layout_loops_cross, uniq_terence, uniq_jessica

Skill      XL: |  1  2 |
---------------+-------+-----
Fighting       | 4 |  4.1
Armour         | 4 |  4.1
Shields        | 4 |  4.1
Long Blades    | 3 |  3.1

Action                   || total
-------------------------++-------
Melee: Long sword        ||    70
       Headbutt          ||    10
  Use: Potion            ||     1
Armor: Scale mail        ||    34
Dodge: Dodged            ||    32
Block: Buckler           ||    16

Table legend: (Time is in decaauts)
 A = Elapsed time spent in this place.
 B = Non-inter-level travel time spent in this place.
 C = Inter-level travel time spent in this place.
 D = Time resting spent in this place.
 E = Time spent auto-exploring this place.
 F = Levels seen in this place.
 G = Mean time per level.
                   A        B        C        D        E       F      G
               +--------+--------+--------+--------+--------+-----+--------+
         Total |    789 |    758 |     31 |      0 |    570 |   2 |  394.5 |
       Dungeon |    789 |    758 |     31 |      0 |    570 |   2 |  394.5 |
               +--------+--------+--------+--------+--------+-----+--------+

Top non-repeatable levels by time:
     D:1: 516 daAuts
     D:2: 273 daAuts
